 Dungeon Crawl Stone Soup version 0.21-a0-369-g397cdb2 (webtiles) character file.

46 Klosterheim the Slasher (level 3, 0/25 HPs)
             Began as a Halfling Skald on July 23, 2017.
             Slain by a jackal (3 damage)
             ... on level 3 of the Dungeon on Oct 15, 2017.
             The game lasted 00:04:18 (2068 turns).

Klosterheim the Slasher (Halfling Skald)            Turns: 2068, Time: 00:04:19

Health: 0/25       AC:  3    Str: 12    XL:     3   Next: 95%
Magic:  5/5        EV: 14    Int: 12    God:
Gold:   69         SH:  0    Dex: 13    Spells: 2/5 levels left

rFire    . . .     SeeInvis .   a - +0 falchion
rCold    . . .     Gourm    .   (shield restricted)
rNeg     . . .     Faith    .   b - +0 leather armour
rPois    .         Spirit   .   (no helmet)
rElec    .         Reflect  .   (no cloak)
rCorr    .         Harm     .   (no gloves)
MR       .....                  (no boots)
Stlth    +.........             (no amulet)
HPRegen  0.08/turn              (no ring)
MPRegen  0.09/turn              (no ring)

@: no status effects
A: mutation resistance 1
a: no special abilities


You were on level 3 of the Dungeon.
You were not hungry.

You visited 1 branch of the dungeon, and saw 3 of its levels.

You collected 69 gold pieces.

Inventory:

Hand Weapons
 a - a +0 falchion (weapon)
Armour
 b - a +0 leather armour (worn)
Scrolls
 f - a scroll of enchant weapon {unknown}
 g - a scroll of identify {unknown}
 k - a scroll of enchant armour {unknown}
 l - a scroll of fog {unknown}
 m - a scroll of fear {unknown}
 o - a scroll of amnesia {unknown}
Potions
 e - a potion of flight {unknown}
 j - a potion of haste {unknown}
Books
 c - a book of Battle

   Spells                             Type                      Level
   a - Infusion                       Charms                       1
   b - Shroud of Golubria             Charms/Translocation         2
   c - Song of Slaying                Charms                       2
   d - Spectral Weapon                Hexes/Charms                 3
   e - Regeneration                   Charms/Necromancy            3
Comestibles
 d - 2 bread rations
 h - 2 royal jellies
 i - a meat ration
 n - 4 chunks of flesh


   Skills:
 + Level 2.3 Fighting
 * Level 3.4 Long Blades
 - Level 1.1 Armour
 - Level 2.1 Dodging
 - Level 1.5 Spellcasting
 - Level 3.2 Charms


You had 2 spell levels left.
You knew the following spells:

 Your Spells              Type           Power        Failure   Level  Hunger
a - Infusion              Chrm           #...         10%         1    ##.....
b - Shroud of Golubria    Chrm/Tloc      #.........   28%         2    ###....


Dungeon Overview and Level Annotations

Branches:
Dungeon (3/15)

Altars:
Fedhas
The Shining One


Innate Abilities, Weirdness & Mutations

You are small and have problems with some larger weapons.
You are somewhat resistant to further mutation.


Message History

The jackal bites you.
* * * LOW HITPOINT WARNING * * *
The jackal closely misses you.
You riposte.
You closely miss the jackal. The jackal misses you.
You riposte.
You hit the jackal.
You kill the jackal!
The jackal closely misses you. x2; You riposte.
You hit the jackal.
The jackal is lightly wounded.
The jackal barely misses you.
Unknown command.
The jackal bites you.
* * * LOW HITPOINT WARNING * * *
The jackal closely misses you.
You riposte.
You hit the jackal but do no damage. The jackal barely misses you.
The jackal completely misses you.
You riposte.
You hit the jackal.
The jackal is moderately wounded.
The jackal bites you but does no damage.
The jackal barely misses you.
You riposte.
You hit the jackal.
The jackal is heavily wounded.
The jackal closely misses you. The jackal bites you.
You die...

#### ####
#.#( .#.# ...
...
.#.#.#†#h#.##
......h@....#
.#.#.#.#h#.##
... ... #.#.
.#.# .....
..... #.# #.
.# #.# ... ..
.. .# .# #.
.# #


You could see 3 jackals.

Vanquished Creatures
  A worm (D:2)
  A dart slug (D:1)
  A leopard gecko (D:3)
  3 giant cockroaches
  6 goblins
  4 hobgoblins
  2 jackals
  A quokka (D:2)
  6 bats
  4 frilled lizards (D:2)
  4 kobolds
  6 rats
39 creatures vanquished.

Notes
Turn   | Place    | Note
-------+----------+-------------------------------------------
     0 | D:1      | Klosterheim the Halfling Skald began the quest for the Orb.
     0 | D:1      | Reached XP level 1. HP: 14/14 MP: 3/3
   481 | D:1      | Reached XP level 2. HP: 18/19 MP: 4/4
  1169 | D:2      | Reached XP level 3. HP: 23/24 MP: 5/5
  1173 | D:2      | Learned a level 2 spell: Shroud of Golubria
  1461 | D:2      | Found a glowing golden altar of the Shining One.
  1682 | D:2      | Found a blossoming altar of Fedhas.
  2061 | D:2      | Upgraded the game from 0.21-a0-142-gdd972a7 to 0.21-a0-369-g397cdb2
  2068 | D:3      | Slain by a jackal

Vault maps used:
D:1:      scummos_arrival_checkerplants
D:2:      overflow_temple_1_default, lemuel_crystal_altar, first_bread
D:3:      eat_drink_and_be_merry_uskayaw, st_stairs_10, grunt_ministairs_9,
          elyvilon_altar_4

Skill      XL: |  1  2  3 |
---------------+----------+-----
Fighting       | 2 |  2.3
Long Blades    | 3 |  3.4
Armour         | |  1.1
Dodging        | |  2.1
Spellcasting   | |  1.5
Charms         | |  3.2

Action                   || total
-------------------------++-------
Melee: Falchion          ||   122
  Eat: Chunk             ||     4
Armor: Leather armour    ||    30
Dodge: Dodged            ||   105
       Rpst.: Falchion   ||    38

Table legend:
 A = Spawn XP
 B = Non-spawn XP
 C = Spawn XP percentage of total XP
 D = Spawn monster count
 E = Non-spawn monster count
 F = Spawn count percentage of total count
 G = Total turns spent on level
                    A         B        C        D         E        F      G
               +---------+---------+-------+---------+---------+-------+---------
         Total |       0 |       0 |   N/A |       0 |       0 |   N/A |     7
               +---------+---------+-------+---------+---------+-------+---------
               +---------+---------+-------+---------+---------+-------+---------
